 Dungeon Crawl Stone Soup version 0.20-a0-61-ga1b20b4 (webtiles) character file.

158 KristoblXynda the Caller (level 5, -1/28 HPs)
             Began as a Deep Elf Summoner on Nov 17, 2016.
             Was an Initiate of Sif Muna.
             Killed by divine providence
             ... invoked by an orc priest
              (15 damage)
             ... on level 4 of the Dungeon.
             The game lasted 00:08:30 (3305 turns).

KristoblXynda the Caller (Deep Elf Summoner)        Turns: 3305, Time: 00:08:32

Health: -1/28      AC:  5    Str:  5    XL:     5   Next: 16%
Magic:  7/14       EV: 13    Int: 21    God:    Sif Muna [......]
Gold:   256        SH:  0    Dex: 15    Spells: 4 memorised, 3 levels left

rFire  . . .     SeeInvis .     d - +2 whip
rCold  . . .     Gourm    .     a - +0 robe
rNeg   . . .     Faith    .     (no shield)
rPois  .         Spirit   .     (no helmet)
rElec  .         Reflect  .     (no cloak)
rCorr  .         Harm     .     j - +0 pair of gloves
MR     .....                    (no boots)
Stlth  +++.......               (no amulet)
                                (no ring)
                                o - +2 ring of protection

@: no status effects
A: no striking features
a: Renounce Religion


You were on level 4 of the Dungeon.
You worshipped Sif Muna.
Sif Muna was noncommittal.
You were hungry.

You visited 1 branch of the dungeon, and saw 4 of its levels.

You collected 256 gold pieces.

Inventory:

Hand Weapons
 d - a +2 whip (weapon)
Missiles
 p - a throwing net (quivered)
Armour
 a - a +0 robe (worn)
 j - a +0 pair of gloves (worn)
Jewellery
 o - a +2 ring of protection (left hand)
Scrolls
 n - a scroll of immolation
Potions
 i - a potion of mutation {unknown}
 m - a potion of ambrosia
 q - a potion of cancellation
Books
 b - a book of Callings

   Spells                             Type                      Level
   a - Summon Small Mammal            Summoning                    1
   b - Call Imp                       Summoning                    2
   c - Call Canine Familiar           Summoning                    3
   d - Summon Guardian Golem          Hexes/Summoning              3
   e - Summon Lightning Spire         Summoning/Air                4
   f - Summon Ice Beast               Ice/Summoning                4
Comestibles
 c - a bread ration
 g - 3 fruits
 h - a meat ration
 l - a chunk of flesh


   Skills:
 - Level 2.4 Dodging
 - Level 4.1 Stealth
 + Level 4.8 Spellcasting
 - Level 1.1 Hexes
 + Level 5.4 Summonings
 + Level 0.2 Air Magic
 + Level 0.4 Invocations


You had 3 spell levels left.
You knew the following spells:

 Your Spells              Type           Power        Failure   Level  Hunger
a - Summon Small Mammal   Summ           ####         1%          1    None
b - Call Imp              Summ           ####....     1%          2    None
c - Summon Guardian Gole  Hex/Summ       ###.....     12%         3    ##.....
d - Summon Lightning Spi  Summ/Air       ###.....     34%         4    ####...


Dungeon Overview and Level Annotations

Branches:
Dungeon (4/15)
 Temple: D:4-7

Altars:
Ashenzari
Elyvilon
Nemelex Xobeh
Sif Muna
Uskayaw


Message History

t - Shout!
Orders for allies: a - Attack new target. r - Retreat! s - Stop attacking. g - Guard the area. f - Follow me.
Anything else - Cancel.
Gang up on whom?
Press: ? - help, Dir - move target cursor You can't see that place. [a stone staircase leading up.]
You can't see that place.
Okay, then.
You swap places.
Your crimson imp closely misses the orc priest.
Okay, then.
You swap places.
The orc wizard looks braver for a moment.
The orc priest invokes the aid of Beogh against you.
Beogh smites you!
Ouch! That really hurt!
You die...

#.# #####.#####
#.........#
####...#.###.##.#.
+..........o......
####.o.#ยง###.##.#.
#5oo5.# # #8#####
#@# #+#


You could see an orc priest, an orc wizard, a friendly guardian golem and a
friendly crimson imp.

Vanquished Creatures
  An orc wizard (D:4)
  An adder (D:2)
  An ooze (D:1)
  A dart slug (D:1)
  A leopard gecko (D:3)
  2 orcs (D:3)
  3 bats
  4 giant cockroaches
  5 goblins
  4 hobgoblins
  3 kobolds
  A quokka (D:3)
  4 frilled lizards
  4 rats
35 creatures vanquished.

Vanquished Creatures (collateral kills)
  2 orc priests (D:3)
  2 adders
  2 dart slugs
  A leopard gecko (D:1)
  9 orcs (D:3)
  A ball python (D:1)
  2 giant cockroaches (D:1)
  7 goblins
  7 hobgoblins
  A quokka (D:2)
  3 bats (D:1)
  4 frilled lizards
  5 kobolds
  4 rats
50 creatures vanquished.

Grand Total: 85 creatures vanquished

Notes
Turn   | Place    | Note
-------+----------+-------------------------------------------
     0 | D:1      | KristoblXynda the Deep Elf Summoner began the quest for the Orb.
     0 | D:1      | Reached XP level 1. HP: 10/10 MP: 6/6
   316 | D:1      | Reached XP level 2. HP: 3/15 MP: 8/8
   545 | D:1      | Learned a level 2 spell: Call Imp
  1016 | D:1      | Reached XP level 3. HP: 9/19 MP: 7/10
  1053 | D:1      | Learned a level 3 spell: Summon Guardian Golem
  1612 | D:2      | Reached skill level 5 in Summonings
  2014 | D:2      | Reached XP level 4. HP: 19/24 MP: 12/12
  2478 | D:3      | Reached skill level 1 in Hexes
  3068 | D:3      | Learned a level 4 spell: Summon Lightning Spire
  3088 | D:3      | Found a white marble altar of Elyvilon.
  3088 | D:3      | Found a hide-covered altar of Uskayaw.
  3088 | D:3      | Found a deep blue altar of Sif Muna.
  3099 | D:3      | Found a sparkling altar of Nemelex Xobeh.
  3121 | D:3      | Found a shattered altar of Ashenzari.
  3130 | D:3      | Became a worshipper of Sif Muna the Loreminder
  3301 | D:4      | Reached XP level 5. HP: 14/28 MP: 9/14
  3305 | D:4      | Killed from afar by an orc priest

Vault maps used:
D:1:      dpeg_arrival_shelter, serial_park_tiny_pond
D:2:      minmay_tetromino_i4
D:3:      marbit_many_paths, chequers_temple_overflow_statue_of_worship
D:4:      serial_shops, kennysheep_little_box, first_bread, corner_web_ring,
          corexii_item_surrounded_by_moat, serial_bayou_pond_a

Skill      XL: |  1  2  3  4 |
---------------+-------------+-----
Stealth        | 3 4 |  4.1
Summonings     | 5 |  5.4
Spellcasting   | 4 |  4.8
Hexes          | 1 |  1.1
Dodging        | |  2.4
Air Magic      | |  0.2
Invocations    | |  0.4

Action                   |  1- 3 |  4- 6 || total
-------------------------+-------+-------++-------
Melee: Whip              |    78 |    58 ||   136
       Unarmed           |     2 |       ||     2
 Cast: Summon Small Mamm |    15 |       ||    15
       Call Imp          |    22 |    23 ||    45
       Summon Guardian G |       |     5 ||     5
  Use: Scroll            |     4 |     7 ||    11
       Potion            |       |     6 ||     6
 Stab: Sleeping          |     4 |     4 ||     8
       Distracted        |     1 |       ||     1
  Eat: Chunk             |     3 |     2 ||     5
       Beef jerky        |     2 |       ||     2
Armor: Robe              |    10 |    18 ||    28
Dodge: Dodged            |    74 |    49 ||   123
